 Dungeon Crawl Stone Soup version 0.22-a0-284-g99d1f74 (webtiles) character file.

722 Serpenta the Sneak (level 7, -3/41 HPs)
             Began as an Octopode Chaos Knight on Mar 21, 2018.
             Slain by a sixfirhy (4 damage)
             ... summoned by Xom
             ... on level 5 of the Dungeon.
             The game lasted 00:14:22 (5779 turns).

Serpenta the Sneak (Octopode Chaos Knight)          Turns: 5779, Time: 00:14:23

Health: -3/41      AC: -3    Str: 15    XL:     7   Next: 71%
Magic:  0/7        EV: 13    Int: 12    God:    Xom [..*...]
Gold:   249        SH:  4    Dex: 13    Spells: 6/6 levels left

rFire    . . .     SeeInvis .   l - +0 dagger (venom)
rCold    . . .     Gourm    .   s - +1 buckler
rNeg     . . .     Faith    .   (helmet restricted)
rPois    .         Spirit   +   m - amulet of Jomeov {god gift, Spirit MR+}
rElec    .         Reflect  .   n - ring of protection from magic
rCorr    .         Harm     .   r - +3 ring of strength
MR       ++...                  (no ring)
Stlth    ++++......             (no ring)
HPRegen  0.13/turn              (no ring)
MPRegen  0.10/turn              (no ring)
                                (no ring)
                                (no ring)

@: about to teleport, corroded
A: almost no armour, stealthy swim, amphibious, 8 rings, constrict 8, camouflage
1, dopey 1, frail 1, screaming 1, gelatinous body 1
a: Renounce Religion


You were on level 5 of the Dungeon.
You worshipped Xom.
You were a toy of Xom.
You were not hungry.

You visited 1 branch of the dungeon, and saw 5 of its levels.

You collected 249 gold pieces.


Innate Abilities, Weirdness & Mutations

You cannot wear most types of armour.
You are very stealthy in the water. (Stealth+)
You are amphibious.
You can wear up to eight rings at the same time.
You can use your tentacles to constrict eight enemies at once.
Your skin changes colour to match your surroundings (Stealth+).
Your rubbery body absorbs attacks. (AC +1, EV +1)
You are dopey. (Int -2)
You are frail. (-10% HP)
You occasionally shout uncontrollably at your foes.


   Skills:
 - Level 3.0 Fighting
 + Level 7.0 Short Blades
 - Level 2.3 Dodging
 + Level 7.3 Stealth


You had 6 spell levels left.
You didn't know any spells.

Action                   |  1- 3 |  4- 6 |  7- 9 || total
-------------------------+-------+-------+-------++-------
Melee: Short sword       |    57 |    81 |     4 ||   142
       Constrict         |    19 |    33 |    13 ||    65
       Tentacles         |    10 |    27 |    13 ||    50
       Dagger            |       |    77 |    44 ||   121
  Use: Scroll            |       |    10 |     3 ||    13
       Potion            |       |     3 |       ||     3
 Stab: Sleeping          |     5 |    21 |     1 ||    27
       Confused          |       |     1 |       ||     1
       Distracted        |       |       |     1 ||     1
  Eat: Chunk             |       |     8 |     4 ||    12
       Ration            |       |     1 |       ||     1
Armor: Skin              |     1 |    16 |     1 ||    18
Dodge: Dodged            |    23 |    44 |    15 ||    82
Block: Buckler           |       |    10 |     4 ||    14

Inventory:

Hand Weapons
 a - a +0 short sword of chaos
 h - a cursed +1 short sword
 l - a +0 dagger of venom (weapon)
 y - a +0 great sword
Missiles
 v - 8 tomahawks (quivered)
Armour
 s - a +1 buckler (worn)
Jewellery
 m - the amulet of Jomeov (around mantle) {god gift, Spirit MR+}
   (Xom gifted it to you on level 4 of the Dungeon)

   [amulet of guardian spirit]

   It causes incoming damage to be split between your health and magic.
   It affects your resistance to hostile enchantments.
 n - a ring of protection from magic (left tentacle)
 r - a +3 ring of strength (right tentacle)
Wands
 t - a wand of digging (14)
Scrolls
 d - a scroll of enchant armour
 o - 2 scrolls of magic mapping
 p - a scroll of teleportation
 u - a scroll of remove curse
 w - a scroll of immolation {unknown}
Potions
 c - a potion of resistance
 e - a potion of haste
 f - a potion of cancellation
 g - 2 potions of lignification
 i - 2 potions of berserk rage {unknown}
 j - a potion of agility
 k - a potion of ambrosia
 q - a potion of curing
Comestibles
 b - 7 rations
 x - 6 chunks of flesh {@w1}

########### ##.## ########....[
...#########.#.##
.........#######.#........###.##
...................#####.##
##.## ..#####.>#.##.##.######.##
##.# .## #..# #.##.##8_8#..##
##.##
.######..#.##..[..#...#...###.##
.##.............5.#...##.#.#.##
.##.###........5@3##.###.##..#
.##.# #....#####.##...##÷....#
.##.# #..#..# #.##...##..#..#
.##.# #..#..####.##...#...#..#
.##.# #.........)##..........#
.##.# #...............#...#..#
.##.# ####..######...........#
###.# #.§h.## #.....#..#..####
#.# ##..S.# ##...##..#...<..


You could see a sixfirhy, a white imp and an ufetubus.

Vanquished Creatures
  A crimson imp (D:5)
  2 jellies
  2 orc wizards (D:4)
  4 orc priests (D:4)
  A gnoll shaman (D:4)
  Terence (D:2)
  Jessica (D:3)
  Ijyb (D:3)
  An iguana (D:5)
  A worker ant (D:4)
  6 gnolls
  8 adders
  2 worms
  5 dart slugs
  A leopard gecko (D:5)
  10 orcs
  A giant cockroach (D:2)
  11 goblins
  9 hobgoblins
  6 jackals
  14 kobolds
  4 quokkas
  2 ball pythons
  9 bats
  5 frilled lizards
  A jackal skeleton (D:4)
  8 rats
117 creatures vanquished.

Vanquished Creatures (collateral kills)
  An orc priest (D:4)
  An orc wizard (D:4)
  2 orcs (D:4)
4 creatures vanquished.

Grand Total: 121 creatures vanquished

Vault maps used:
D:1:      dpeg_arrival_court, serial_park_tiny_2
D:2:      kennysheep_slug_shrine, lemuel_doored_altar, kennysheep_ying_yang,
          ashenzari_altar_1, serial_bayou, serial_bayou_pond_a,
          serial_bayou_pond_e, serial_bayou_ford_a, serial_bayou_shore_b,
          grunt_decor_one_mirror, serial_bayou_lagoon_b, uniq_terence
D:3:      chequers_ecumenical_altar_island, uniq_jessica, uniq_ijyb
D:4:      marbit_many_paths
D:5:      grunt_gozag_breadcrumbs, lemuel_temple_firewalk_b, first_ration


Message History

The jelly is severely wounded.
You hit the jelly. You burn the jelly.
Your tentacles burn!
The jelly is almost dead.
You block the jelly's attack.
You hit the jelly.
You kill the jelly!
Wield which item (- for none, * to show all)? (? for menu, Esc to quit)
Your +0 dagger of venom begins to drip with poison!
l - a +0 dagger of venom (weapon)
You start resting. "Let's see if it's strong enough to survive yet."
You are now a toy of Xom.
As you read the scroll of teleportation, it crumbles to dust.
You feel strangely unstable. You block the sixfirhy's attack.
The sixfirhy hits you. The sixfirhy shocks you! The sixfirhy hits you!
* * * LOW HITPOINT WARNING * * *
The sixfirhy shocks you!
* * * LOW HITPOINT WARNING * * *
The sixfirhy hits you.
You die...

Notes
Turn   | Place    | Note
-------+----------+-------------------------------------------
     0 | D:1      | Serpenta the Octopode Chaos Knight began the quest for the Orb.
     0 | D:1      | Reached XP level 1. HP: 16/16 MP: 1/1
    12 | D:1      | Reached XP level 2. HP: 13/21 MP: 2/2
   302 | D:1      | XOM: cloud trail
   463 | D:1      | XOM: cast spell 'Summon Butterflies'
   469 | D:1      | Reached XP level 3. HP: 26/26 MP: 3/3
   543 | D:1      | XOM: harmless Pois miscast
   777 | D:1      | XOM: harmless Tloc miscast
   815 | D:1      | XOM: scenery: create altars
  1041 | D:1      | 375% of exp on d1...
  1062 | D:2      | Found a snail-covered altar of Cheibriados.
  1087 | D:2      | Reached XP level 4. HP: 31/31 MP: 4/4
  1120 | D:2      | Reached skill level 1 in Stealth
  1385 | D:2      | Reached skill level 5 in Short Blades
  1659 | D:2      | XOM: silly message
  1715 | D:2      | Found a shattered altar of Ashenzari.
  1801 | D:2      | Found a shadowy altar of Dithmenos.
  1913 | D:2      | Noticed Terence
  1915 | D:2      | Found a white marble altar of Elyvilon.
  1925 | D:2      | Killed Terence
  1925 | D:2      | Reached XP level 5. HP: 13/36 MP: 5/5
  2167 | D:2      | Found a basalt altar of Yredelemnul.
  2423 | D:3      | Found a faded altar of an unknown god.
  2425 | D:3      | Noticed TheNamelessOne's ghost (amateur DsCj)
  2587 | D:3      | XOM: silly message
  2649 | D:3      | XOM: divination: detect items
  2664 | D:3      | Noticed Jessica
  2670 | D:3      | XOM: divination: detect creatures
  2699 | D:3      | XOM: mild Pois miscast
  2704 | D:3      | XOM: butterfly on damage
  2706 | D:3      | Killed Jessica
  2706 | D:3      | Reached XP level 6. HP: 31/42 MP: 6/6
  2921 | D:3      | Noticed Ijyb
  2925 | D:3      | Killed Ijyb
  2987 | D:4      | XOM: noise
  3011 | D:4      | XOM: confuse monster(s)
  3133 | D:4      | XOM: god gift: fine copper amulet {god gift}
  3134 | D:4      | Got a fine copper amulet {god gift}
  3135 | D:4      | Identified the amulet of Jomeov {god gift, Spirit MR+} (Xom gifted it to you on level 4 of the Dungeon)
  3437 | D:4      | XOM: medium Pois miscast
  3534 | D:4      | Reached skill level 5 in Stealth
  3678 | D:4      | XOM: harmless Ice miscast
  3830 | D:4      | XOM: give mutations
  3830 | D:4      | Gained mutation: You occasionally shout uncontrollably at your foes. [Xom's mischief]
  3830 | D:4      | Gained mutation: You are frail. (-10% HP) [Xom's mischief]
  3830 | D:4      | Gained mutation: You are dopey. (Int -2) [Xom's mischief]
  4123 | D:3      | XOM: 1-stop teleportation journey
  4186 | D:3      | XOM: mild Conj miscast
  4579 | D:4      | Reached XP level 7. HP: 30/41 MP: 4/7
  4857 | D:4      | Found a sparkling altar of Nemelex Xobeh.
  5136 | D:4      | XOM: cast spell 'Summon Dragon'
  5282 | D:5      | Entered Level 5 of the Dungeon
  5644 | D:5      | XOM: harmless Conj miscast
  5705 | D:5      | Found an opulent altar of Gozag.
  5778 | D:5      | XOM: summons 3 hostile demons
  5779 | D:5      | Noticed a sixfirhy
  5779 | D:5      | HP: 1/41 [sixfirhy[Xom] (8)]
  5779 | D:5      | Slain by a sixfirhy
